 Dungeon Crawl Stone Soup version 0.17-a0-913-g36eb389 (webtiles) character file.

1683 lorenzova the Thaumaturge (level 8, -10/41 HPs)
             Began as a Deep Elf Conjurer on May 3, 2015.
             Was an Initiate of Vehumet.
             Mangled by a hill giant
             ... wielding a +0 giant spiked club
              (19 damage)
             ... on level 10 of the Dungeon.
             The game lasted 00:27:05 (9230 turns).

lorenzova the Thaumaturge (Deep Elf Conjurer)       Turns: 9230, Time: 00:27:06

Health: -10/41     AC:  4    Str:  5    XL:     8   Next: 71%
Magic:  24/24      EV: 13    Int: 23    God:    Vehumet [......]
Gold:   379        SH:  0    Dex: 15    Spells: 2 memorised, 23 levels left

rFire  . . .     SeeInvis .     J - +2 dagger (venom)
rCold  . . .     Clarity  .     a - +0 robe
rNeg   + . .     SustAb   .     (no shield)
rPois  .         Gourm    .     (no helmet)
rElec  .         Spirit   .     (no cloak)
rCorr  .         Warding  +     q - +0 pair of gloves
rMut   .         Stasis   .     (no boots)
MR     .....                    D - amulet of warding
Stlth  ++........               H - ring of invisibility
                                g - +1 ring of protection

@: not resistant to hostile enchantments, unstealthy
A: no striking features
a: Renounce Religion, Evoke Invisibility


You were on level 10 of the Dungeon.
You worshipped Vehumet.
Vehumet was noncommittal.
You were not hungry.

You visited 2 branches of the dungeon, and saw 9 of its levels.
You also visited: Bailey.

You collected 379 gold pieces.

Inventory:

Hand weapons
 J - a +2 dagger of venom (weapon)
Armour
 a - a +0 robe (worn)
 q - a +0 pair of gloves (worn)
Jewellery
 g - a +1 ring of protection (left hand)
 D - an amulet of warding (around neck)
 H - a ring of invisibility (right hand)
 N - an uncursed amulet of rage {unknown}
Magical devices
 v - a wand of slowing (18)
 L - a wand of polymorph (16)
Scrolls
 d - a scroll of random uselessness {unknown}
 h - a scroll of enchant weapon {unknown}
 k - 2 scrolls of magic mapping {unknown}
 l - 3 scrolls of enchant armour {unknown}
 r - 6 scrolls of remove curse {unknown}
 s - 2 scrolls of blinking {unknown}
 t - a scroll of amnesia {unknown}
 x - 5 scrolls of identify {unknown}
 y - a scroll of immolation {unknown}
 B - a scroll of recharging {unknown}
 F - a scroll of noise {unknown}
 G - 3 scrolls of teleportation {unknown}
 K - a scroll of fear {unknown}
Potions
 e - 3 potions of flight {unknown}
 f - a potion of invisibility {unknown}
 i - 2 potions of heal wounds {unknown}
 j - 4 potions of curing {unknown}
 m - 2 potions of magic {unknown}
 n - 3 potions of degeneration {unknown}
 p - 4 potions of resistance {unknown}
 w - a potion of cure mutation {unknown}
 A - 2 potions of poison {unknown}
 E - a potion of haste {unknown}
 I - a potion of berserk rage {unknown}
 M - a potion of lignification {unknown}
Books
 b - a book of Conjurations

   Spells                             Type                      Level
   a - Magic Dart                     Conjuration                  1
   b - Searing Ray                    Conjuration                  2
   c - Dazzling Spray                 Conjuration/Hexes            3
   d - Fulminant Prism                Conjuration/Hexes            4
   e - Iskenderun's Mystic Blast      Conjuration                  4
   f - Iskenderun's Battlesphere      Conjuration/Charms           5
 u - a book of Summonings

   Spells                             Type                      Level
   a - Abjuration                     Summoning                    3
   b - Recall                         Summoning/Translocation      3
   c - Shadow Creatures               Summoning                    5
   d - Summon Demon                   Summoning                    5
   e - Summon Forest                  Summoning/Translocation      5
   f - Monstrous Menagerie            Summoning                    6
 C - a book of Ice

   Spells                             Type                      Level
   a - Ice Form                       Ice/Transmutation            4
   b - Metabolic Englaciation         Hexes/Ice                    5
   c - Ozocubu's Refrigeration        Ice                          6
   d - Bolt of Cold                   Conjuration/Ice              6
   e - Freezing Cloud                 Conjuration/Ice/Air          6
   f - Simulacrum                     Ice/Necromancy               6
Comestibles
 c - 7 bread rations
 o - 4 meat rations
 z - a beef jerky


   Skills:
 - Level 2.4 Dodging
 - Level 2.4 Stealth
 + Level 10.5 Spellcasting
 + Level 9.7 Conjurations


You had 23 spell levels left.
You knew the following spells:

 Your Spells              Type           Power        Failure   Level  Hunger
a - Magic Dart            Conj           ####         1%          1    None
b - Iskenderun's Mystic   Conj           ######..     1%          4    #......


Dungeon Overview and Level Annotations

Branches:
Dungeon (10/15)            Temple (1/1) D:6             Orc (0/4) D:10
   Lair: D:8-11

Altars:
Ashenzari
Cheibriados
Gozag
Makhleb
Nemelex Xobeh
Ru
Trog
Vehumet
Yredelemnul
Zin
The Shining One

Shops:
D:4 }


Message History

A hill giant comes into view. It is wielding a giant spiked club.
The hill giant closely misses you.
Found a centaur barding.
The hill giant throws a throwing net.
The throwing net barely misses you.
You see here a throwing net.
The hill giant throws a throwing net.
The throwing net hits you.
You become entangled in the net!
You see here a throwing net.
You try to slip out of the net.
You struggle to escape the net.
You struggle to escape the net.
You slip out of the net!
The hill giant hits you with a giant spiked club!!
Ouch! That really hurt!
* * * LOW HITPOINT WARNING * * *
Casting: Magic Dart
Confirm with . or Enter, or press ? or * to list all spells.
You don't know that spell.
The hill giant hits you with a giant spiked club!!
You die...

#..##..##8.###8.###8.###8(#......
#.####.####################'#####
.)# #.##........................
.## ##.#≈≈≈≈≈≈≈≈≈≈≈≈≈≈≈≈≈≈≈≈≈≈≈≈≈
.# #..#≈≈≈≈≈≈≈≈≈≈≈≈≈≈≈≈≈≈≈≈≈≈≈≈≈
## #..##........................
# ##.####.#####################
#####.###..## ##.(## ##.##..##@##
####.##(###
#.########C###...####..##
#.#...###.#.#.###.# ###.#
##.###...###.## #.##[.#.. ###
##### ### #.### ## .# . . ..


You could see a hill giant.

Vanquished Creatures
  A hungry ghost (D:10)
  3 orc warriors
  A necrophage (D:6)
  A phantom (D:4)
  A sky beast (D:10)
  An ogre (D:7)
  A giant frog (D:6)
  A wight (D:10)
  A crimson imp (D:5)
  A goliath beetle (D:5)
  2 jellies
  A wasp zombie (D:5)
  3 iguanas
  A centaur skeleton (D:10)
  A giant frog skeleton (D:5)
  6 orc wizards
  2 worker ants (D:5)
  17 adders
  2 adder zombies
  An ooze (D:1)
  2 worms
  The ghost of Viceroy the Chucker, a weakling OgHu (D:3)
  31 orcs
  14 bats
  10 hobgoblins
  9 jackals
  3 quokkas
  A ball python (D:2)
  6 giant cockroaches
  5 giant geckos
  4 giant newts
  22 goblins
  17 kobolds
  12 rats
185 creatures vanquished.

Vanquished Creatures (others)
  A ghoul (D:1)
  A draconian (D:1)
  An octopode (D:1)
  3 formicids (D:1)
  A human (D:1)
  A dwarf (D:1)
  An ogre (D:1)
  A centaur (D:1)
  2 orcs (D:1)
  3 kobolds (D:1)
  4 tentacles (D:1)
  29 tentacle segments (D:1)
48 creatures vanquished.

Grand Total: 233 creatures vanquished

Notes
Turn   | Place    | Note
--------------------------------------------------------------
     0 | D:1      | lorenzova, the Deep Elf Conjurer, began the quest for the Orb.
     0 | D:1      | Reached XP level 1. HP: 10/10 MP: 6/6
     2 | D:1      | Noticed a formicid
     2 | D:1      | Noticed a dwarf
     2 | D:1      | Noticed a formicid
     2 | D:1      | Noticed a draconian
     2 | D:1      | Noticed a ghoul
     2 | D:1      | Noticed a centaur
     2 | D:1      | Noticed a kraken
     2 | D:1      | Noticed an octopode
     2 | D:1      | Noticed a human
     2 | D:1      | Noticed an ogre
     2 | D:1      | Noticed a formicid
     3 | D:1      | Killed a formicid
     7 | D:1      | Killed a formicid
     8 | D:1      | Killed a ghoul
    10 | D:1      | Killed an octopode
    10 | D:1      | Killed a centaur
    10 | D:1      | Killed a human
    10 | D:1      | Killed an ogre
    12 | D:1      | Killed a dwarf
    13 | D:1      | Killed a draconian
    14 | D:1      | Killed a formicid
   220 | D:1      | Reached XP level 2. HP: 15/15 MP: 4/8
   559 | D:1      | Reached skill level 5 in Conjurations
   811 | D:1      | Reached XP level 3. HP: 19/19 MP: 7/10
  2097 | D:2      | Reached XP level 4. HP: 24/24 MP: 7/12
  2139 | D:2      | Learned a level 4 spell: Iskenderun's Mystic Blast
  2707 | D:3      | Noticed Viceroy's ghost (weakling OgHu)
  2722 | D:3      | Reached skill level 5 in Spellcasting
  2899 | D:3      | Killed Viceroy's ghost
  3508 | D:3      | Reached XP level 5. HP: 28/28 MP: 11/14
  3843 | D:4      | Found a shattered altar of Ashenzari.
  3931 | D:4      | Reached skill level 6 in Conjurations
  4136 | D:4      | Found Zilar's Gadget Emporium.
  4439 | D:4      | Noticed a phantom
  4471 | D:4      | Killed a phantom
  4471 | D:4      | Reached XP level 6. HP: 20/32 MP: 0/17
  4826 | D:5      | Entered Level 5 of the Dungeon
  4888 | D:5      | Found a bloodstained altar of Trog.
  5007 | D:5      | Reached skill level 7 in Conjurations
  5361 | D:5      | Reached XP level 7. HP: 36/36 MP: 11/19
  6402 | D:5      | Found a snail-covered altar of Cheibriados.
  6491 | D:6      | Reached skill level 8 in Spellcasting
  7105 | D:6      | Found a staircase to the Ecumenical Temple.
  7122 | Temple   | Entered the Ecumenical Temple
  7163 | Temple   | Became a worshipper of Vehumet
  7449 | D:7      | Reached skill level 9 in Spellcasting
  7449 | D:7      | Reached XP level 8. HP: 28/41 MP: 3/23
  7609 | D:7      | Found a glowing silver altar of Zin.
  7609 | D:7      | Found an opulent altar of Gozag.
  7644 | D:7      | You fall through a shaft for 3 floors!
  7644 | D:10     | Entered Level 10 of the Dungeon
  7656 | D:10     | Found a flagged portal.
  7662 | D:10     | Found a staircase to the Orcish Mines.
  7711 | Bailey   | Entered a bailey
  8723 | D:10     | Reached skill level 10 in Spellcasting
  9211 | D:10     | Noticed a hill giant
  9230 | D:10     | Mangled by a hill giant

Action                   |  1- 3 |  4- 6 |  7- 9 || total
-------------------------+-------+-------+-------++-------
Melee: Short sword       |     8 |    22 |     1 ||    31
       Dagger            |       |       |     1 ||     1
 Cast: Magic Dart        |   100 |   153 |   136 ||   389
       Iskenderun's Myst |       |    17 |    32 ||    49
 Stab: Sleeping          |     1 |     1 |     1 ||     3
       Distracted        |       |     1 |       ||     1
  Eat: Chunk             |     2 |    10 |    12 ||    24
       Royal jelly       |       |     1 |       ||     1
       Fruit             |       |     1 |       ||     1
       Beef jerky        |       |       |     1 ||     1
